TOP OF THE 1ST |
Mancelona Torch batting - Pitching for Grim Reapers : RHP Dave Seals
|
Pitching: RHP Dave Seals
|
|
Batting: LHB Jim Unknown
|
0-0: Called Strike 0-1: Ball 1-1: Swinging Strike 1-2: Ball 2-2: Foul Ball, location: 2F 2-2: SINGLE (Line Drive, 8LS)
|
Batting: RHB Ricardo Cardenas
|
0-0: Ball 1-0: Grounds into double play, U6-3 (Groundball, 6M)
|
Batting: LHB Manuel Carmona
|
0-0: Fly out, F4 (Popup, 34D)
|
Top of the 1st over - 0 run(s), 1 hit(s), 0 error(s), 0 left on base; Mancelona 0 - Grim 0 |
BOTTOM OF THE 1ST |
Grim Reapers batting - Pitching for Mancelona Torch : LHP Manuel Cruz
|
Pitching: LHP Manuel Cruz
|
|
Batting: RHB Sean Godron
|
0-0: DOUBLE (Line Drive, 7LM)
|
Batting: LHB Edgardo Díaz
|
0-0: Fly out, F6 (Popup, 6MD)
|
Batting: RHB Blair Sweeny
|
0-0: Foul Ball, location: 2F 0-1: Ball 1-1: Ground out 6-3 (Groundball, 56)
|
Batting: RHB Alberto Rodríguez
|
0-0: SINGLE (Line Drive, 4MD) Sean Godron to third Runner from 3rd tries for Home, SAFE, no throw or cutoff
|
Batting: RHB Bill Allen
|
0-0: Ball 1-0: Ground out 4-3 (Groundball, 4)
|
Bottom of the 1st over - 1 run(s), 2 hit(s), 0 error(s), 1 left on base; Mancelona 0 - Grim 1 |
TOP OF THE 2ND |
Mancelona Torch batting - Pitching for Grim Reapers : RHP Dave Seals
|
Batting: RHB Juan Carlos Cruz
|
0-0: Ball 1-0: Foul Ball, location: 2F 1-1: Called Strike 1-2: Fly out, F7 (Popup, 78S)
|
Batting: RHB Ron Thomas
|
0-0: Ball 1-0: Called Strike 1-1: Ground out 5-3 (Groundball, 5S)
|
Batting: RHB Henry Lambright
|
0-0: Ball 1-0: Ball 2-0: Swinging Strike 2-1: SINGLE (Line Drive, 7LS)
|
Batting: LHB Jim Unknown
|
0-0: Ball 1-0: Called Strike 1-1: Foul Ball, location: 2F 1-2: Ground out 3-1 (Groundball, 34)
|
Top of the 2nd over - 0 run(s), 1 hit(s), 0 error(s), 1 left on base; Mancelona 0 - Grim 1 |
BOTTOM OF THE 2ND |
Grim Reapers batting - Pitching for Mancelona Torch : LHP Manuel Cruz
|
Batting: RHB Raúl Moreno
|
0-0: Ball 1-0: Called Strike 1-1: Called Strike 1-2: Ball 2-2: Ball 3-2: SINGLE (Groundball, 56D)
|
Batting: RHB Jules Winnfield
|
0-0: Called Strike 0-1: Ball 1-1: Swinging Strike 1-2: Foul Ball, location: 2F 1-2: Ball 2-2: Fly out, F9 (Line Drive, 89D)
|
Batting: LHB Jesús Morales
|
0-0: Ball 1-0: Fly out, F1 (Line Drive, 15S)
|
Batting: RHB Santo Alba
|
0-0: Ball 1-0: Ball 2-0: Called Strike 2-1: Ball 3-1: Foul Ball, location: 2F 3-2: Base on Balls Raúl Moreno to second
|
Batting: RHB Sean Godron
|
0-0: Swinging Strike 0-1: Ball 1-1: Foul Ball, location: 2F 1-2: Fly out, F6 (Line Drive, 6)
|
Bottom of the 2nd over - 0 run(s), 1 hit(s), 0 error(s), 2 left on base; Mancelona 0 - Grim 1 |
TOP OF THE 3RD |
Mancelona Torch batting - Pitching for Grim Reapers : RHP Dave Seals
|
Batting: RHB Bert Cook
|
0-0: Ball 1-0: Swinging Strike 1-1: Called Strike 1-2: Strikes out swinging
|
Batting: LHB José Hernández
|
0-0: Ball 1-0: Ball 2-0: Called Strike 2-1: Called Strike 2-2: Foul Ball, location: 2F 2-2: SINGLE (Line Drive, 8LS)
|
Batting: LHB Jim Unknown
|
0-0: Ball 1-0: Ball 2-0: Ball 3-0: Called Strike 3-1: Base on Balls José Hernández to second
|
Batting: RHB Ricardo Cardenas
|
0-0: Grounds into double play, 6-4-3 (Groundball, 6)
|
Top of the 3rd over - 0 run(s), 1 hit(s), 0 error(s), 1 left on base; Mancelona 0 - Grim 1 |
BOTTOM OF THE 3RD |
Grim Reapers batting - Pitching for Mancelona Torch : LHP Manuel Cruz
|
Batting: LHB Edgardo Díaz
|
0-0: Ball 1-0: Fly out, F9 (Line Drive, 9M)
|
Batting: RHB Blair Sweeny
|
0-0: Ball 1-0: Ball 2-0: Called Strike 2-1: Called Strike 2-2: Ball 3-2: Ground out 5-3 (Groundball, 5)
|
Batting: RHB Alberto Rodríguez
|
0-0: Swinging Strike 0-1: Foul Ball, location: 2F 0-2: DOUBLE (Line Drive, 7LS)
|
Batting: RHB Bill Allen
|
0-0: Called Strike 0-1: Foul Ball, location: 2F 0-2: Ball 1-2: Strikes out looking
|
Bottom of the 3rd over - 0 run(s), 1 hit(s), 0 error(s), 1 left on base; Mancelona 0 - Grim 1 |
TOP OF THE 4TH |
Mancelona Torch batting - Pitching for Grim Reapers : RHP Dave Seals
|
Batting: LHB Manuel Carmona
|
0-0: Ball 1-0: Called Strike 1-1: Called Strike 1-2: Ball 2-2: Ground out 4-3 (Groundball, 4M)
|
Batting: RHB Juan Carlos Cruz
|
0-0: Ball 1-0: Ball 2-0: Called Strike 2-1: Ball 3-1: Foul Ball, location: 2F 3-2: Foul Ball, location: 2F 3-2: Ground out 4-3 (Groundball, 34)
|
Batting: RHB Ron Thomas
|
0-0: Fly out, F7 (Flyball, 78S)
|
Top of the 4th over - 0 run(s), 0 hit(s), 0 error(s), 0 left on base; Mancelona 0 - Grim 1 |
BOTTOM OF THE 4TH |
Grim Reapers batting - Pitching for Mancelona Torch : LHP Manuel Cruz
|
Batting: RHB Raúl Moreno
|
0-0: Ball 1-0: Ball 2-0: Called Strike 2-1: Ground out 6-3 (Groundball, 6MS)
|
Batting: RHB Jules Winnfield
|
0-0: DOUBLE (Groundball, 5L)
|
Batting: LHB Jesús Morales
|
0-0: Ball 1-0: Called Strike 1-1: Fly out, F8 (Flyball, 8LM)
|
Batting: RHB Santo Alba
|
0-0: Called Strike 0-1: Ball 1-1: Called Strike 1-2: Fly out, F4 (Line Drive, 4M)
|
Bottom of the 4th over - 0 run(s), 1 hit(s), 0 error(s), 1 left on base; Mancelona 0 - Grim 1 |
TOP OF THE 5TH |
Mancelona Torch batting - Pitching for Grim Reapers : RHP Dave Seals
|
Batting: RHB Henry Lambright
|
0-0: Ball 1-0: Foul Ball, location: 2F 1-1: Ball 2-1: Ball 3-1: Fly out, F7 (Line Drive, 7M)
|
Batting: LHB Jim Unknown
|
0-0: Ball 1-0: SINGLE (Flyball, 9LS)
|
Batting: RHB Bert Cook
|
0-0: Ball Jim Unknown is caught stealing 2nd base 1-0: SINGLE (Groundball, 6MD)
|
Batting: LHB José Hernández
|
0-0: Called Strike 0-1: Ball 1-1: Foul Ball, location: 2F 1-2: Ball 2-2: Foul Ball, location: 2F 2-2: Strikes out swinging
|
Top of the 5th over - 0 run(s), 2 hit(s), 0 error(s), 1 left on base; Mancelona 0 - Grim 1 |
BOTTOM OF THE 5TH |
Grim Reapers batting - Pitching for Mancelona Torch : LHP Manuel Cruz
|
Batting: RHB Sean Godron
|
0-0: Ball 1-0: Ball 2-0: Ball 3-0: Base on Balls
|
Batting: LHB Edgardo Díaz
|
0-0: Ball 1-0: Sac Bunt - play at first, batter OUT! 1-3 Sean Godron to second
|
Batting: RHB Blair Sweeny
|
0-0: Called Strike Sean Godron steals 3rd base 0-1: Ball 1-1: Fly out, F3 (Popup, 23)
|
Batting: RHB Alberto Rodríguez
|
0-0: SINGLE (Groundball, 56D) Sean Godron scores
|
Batting: RHB Bill Allen
|
0-0: Ball 1-0: Ball Alberto Rodríguez steals 2nd base 2-0: Ball 3-0: Called Strike 3-1: SINGLE (Line Drive, 6M) Alberto Rodríguez to third Runner from 3rd tries for Home, SAFE, no throw or cutoff
|
Batting: RHB Raúl Moreno
|
0-0: Ball 1-0: Ball 2-0: Foul Ball, location: 2F 2-1: Foul Ball, location: 2F 2-2: Foul Ball, location: 2F 2-2: Foul Ball, location: 2F 2-2: SINGLE (Groundball, 56D) Bill Allen to second
|
Batting: RHB Jules Winnfield
|
0-0: Ball 1-0: SINGLE (Line Drive, 89S) Bill Allen to third Raúl Moreno to second Runner from 3rd tries for Home, SAFE, throw made home Raúl Moreno to third Jules Winnfield to second
|
Batting: LHB Jesús Morales
|
0-0: Swinging Strike 0-1: Foul Ball, location: 2F 0-2: Ball 1-2: Strikes out swinging
|
Bottom of the 5th over - 3 run(s), 4 hit(s), 0 error(s), 2 left on base; Mancelona 0 - Grim 4 |
TOP OF THE 6TH |
Mancelona Torch batting - Pitching for Grim Reapers : RHP Dave Seals
|
Batting: LHB Jim Unknown
|
0-0: Fly out, F6 (Popup, 56D)
|
Batting: RHB Ricardo Cardenas
|
0-0: Ball 1-0: Ground out 6-3 (Groundball, 6)
|
Batting: LHB Manuel Carmona
|
0-0: Fly out, F4 (Popup, 4D)
|
Top of the 6th over - 0 run(s), 0 hit(s), 0 error(s), 0 left on base; Mancelona 0 - Grim 4 |
BOTTOM OF THE 6TH |
Grim Reapers batting - Pitching for Mancelona Torch : LHP Manuel Cruz
|
Batting: RHB Santo Alba
|
0-0: Ball 1-0: Called Strike 1-1: Ball 2-1: Foul Ball, location: 2F 2-2: Strikes out swinging
|
Batting: RHB Sean Godron
|
0-0: Called Strike 0-1: Called Strike 0-2: Foul Ball, location: 2F 0-2: SINGLE (Line Drive, 7LS)
|
Batting: LHB Edgardo Díaz
|
0-0: Foul Ball, location: 2F 0-1: Called Strike 0-2: Strikes out swinging Sean Godron steals 2nd base Batter strikes out.
|
Batting: RHB Blair Sweeny
|
0-0: Ball 1-0: Called Strike 1-1: Swinging Strike 1-2: Ball 2-2: Foul Ball, location: 2F 2-2: Ball 3-2: Strikes out swinging
|
Bottom of the 6th over - 0 run(s), 1 hit(s), 0 error(s), 1 left on base; Mancelona 0 - Grim 4 |
TOP OF THE 7TH |
Mancelona Torch batting - Pitching for Grim Reapers : RHP Dave Seals
|
Batting: RHB Juan Carlos Cruz
|
0-0: Ball 1-0: Ball 2-0: Called Strike 2-1: Swinging Strike 2-2: Ground out 6-3 (Groundball, 4M)
|
Batting: RHB Ron Thomas
|
0-0: Ball 1-0: Called Strike 1-1: Ball 2-1: SINGLE (Line Drive, 56)
|
Batting: RHB Henry Lambright
|
0-0: Foul Ball, location: 2F 0-1: Swinging Strike 0-2: Ball 1-2: Strikes out swinging
|
Batting: LHB Jim Unknown
|
0-0: Ball 1-0: Foul Ball, location: 2F 1-1: Ground out 4-3 (Groundball, 4)
|
Top of the 7th over - 0 run(s), 1 hit(s), 0 error(s), 1 left on base; Mancelona 0 - Grim 4 |
BOTTOM OF THE 7TH |
Grim Reapers batting - Pitching for Mancelona Torch : LHP Manuel Cruz
|
Batting: RHB Alberto Rodríguez
|
0-0: Ball 1-0: SINGLE (Groundball, 5L)
|
Batting: RHB Bill Allen
|
Pickoff Throw to First - Error! E1 Alberto Rodríguez to second 0-0: Called Strike 0-1: Foul Ball, location: 2F 0-2: Strikes out looking
|
Batting: RHB Raúl Moreno
|
0-0: Ball 1-0: Ball 2-0: Called Strike 2-1: Ball 3-1: Swinging Strike 3-2: Strikes out swinging
|
Pitching: RHP Israel Laughlin
|
|
Batting: RHB Jules Winnfield
|
0-0: Called Strike 0-1: Fly out, F9 (Flyball, 89M)
|
Bottom of the 7th over - 0 run(s), 1 hit(s), 1 error(s), 1 left on base; Mancelona 0 - Grim 4 |
TOP OF THE 8TH |
Mancelona Torch batting - Pitching for Grim Reapers : RHP Dave Seals
|
Batting: RHB Bert Cook
|
0-0: SINGLE (Line Drive, 34)
|
Batting: LHB José Hernández
|
0-0: SINGLE (Flyball, 89S) Bert Cook to second
|
Batting: LHB Jim Unknown
|
0-0: Swinging Strike 0-1: Called Strike 0-2: Ball 1-2: SINGLE (Line Drive, 34) Bert Cook to third José Hernández to second
|
Batting: RHB Ricardo Cardenas
|
0-0: Ball 1-0: Swinging Strike 1-1: Fly out, F5 (Popup, 5F)
|
Batting: LHB Manuel Carmona
|
0-0: Fly out, F5 (Popup, 5SF)
|
Batting: RHB Juan Carlos Cruz
|
0-0: SINGLE (Line Drive, 6MD) Bert Cook scores José Hernández to third Jim Unknown to second Runner from 3rd tries for Home, SAFE, no throw or cutoff
|
Batting: RHB Ron Thomas
|
0-0: Ball 1-0: Ball 2-0: SINGLE (Line Drive, 4D) Jim Unknown to third Juan Carlos Cruz to second
|
Pitching: RHP Daryl Thomas
|
|
Batting: RHB Henry Lambright
|
0-0: Ball 1-0: Swinging Strike 1-1: Foul Ball, location: 2F 1-2: Foul Ball, location: 2F 1-2: Strikes out swinging
|
Top of the 8th over - 2 run(s), 5 hit(s), 0 error(s), 3 left on base; Mancelona 2 - Grim 4 |
BOTTOM OF THE 8TH |
Grim Reapers batting - Pitching for Mancelona Torch : RHP Israel Laughlin
|
Batting: LHB Jesús Morales
|
0-0: Ball 1-0: Called Strike 1-1: Fly out, F4 (Popup, 4D)
|
Batting: RHB Santo Alba
|
0-0: Ball 1-0: Called Strike 1-1: Ground out 5-3 (Groundball, 5S)
|
Batting: RHB Sean Godron
|
0-0: Ball 1-0: Foul Ball, location: 2F 1-1: Ball 2-1: Fly out, F7 (Line Drive, 7M)
|
Bottom of the 8th over - 0 run(s), 0 hit(s), 0 error(s), 0 left on base; Mancelona 2 - Grim 4 |
TOP OF THE 9TH |
Mancelona Torch batting - Pitching for Grim Reapers : RHP Daryl Thomas
|
Pitching: RHP José Morales
|
|
Batting: LHB Jim Unknown
|
0-0: Foul Ball, location: 2F 0-1: Ground out 6-3 (Groundball, 6M)
|
Batting: RHB Bert Cook
|
0-0: Ball 1-0: Ball 2-0: Ball 3-0: Called Strike 3-1: Fly out, F8 (Flyball, 8RM)
|
Batting: LHB José Hernández
|
0-0: Called Strike 0-1: Swinging Strike 0-2: Ball 1-2: Ball 2-2: Ball 3-2: Strikes out swinging
|
Top of the 9th over - 0 run(s), 0 hit(s), 0 error(s), 0 left on base; Mancelona 2 - Grim 4 |
|